 Dungeon Crawl Stone Soup version 0.30.0-10-gfe55d96785 (webtiles) character file.

Game seed: 17319467918137346158

359 Spectrina the Trooper (level 6, -10/55 HPs)
             Began as a Human Monk on May 16, 2023.
             Mangled by a hornet (15 damage)
             ... while paralysed by a hornet
             ... on level 7 of the Dungeon.
             The game lasted 00:17:06 (1935 turns).

Spectrina the Trooper (Human Monk)                  Turns: 1935, Time: 00:17:06

Health: -10/55     AC:  4    Str: 14    XL:     6   Next: 98%
Magic:  15/15      EV:  2    Int:  7    God:
Gold:   167        SH:  0    Dex: 21    Spells: 5/5 levels left

rFire   + + +        C - +5 dagger of Disorder {flame, rPois rF+++ Int-3}
rCold   . . .        d - orb {light}
rNeg    . . .        n - +0 robe
rPois   +            s - +0 helmet
rElec   .            (no cloak)
rCorr   .            l - +0 pair of gloves
SInv    .            (no boots)
Will    .....        w - amulet of the acrobat
Stlth   +            A - ring of magical power
HPRegen 0.29/turn    B - +6 ring of dexterity
MPRegen 0.14/turn

%: acrobat
@: paralysed, about to teleport, weak-willed, slowed, glowing
A: no striking features
a: no special abilities


You were on level 7 of the Dungeon.
You visited 1 branch of the dungeon, and saw 7 of its levels.

You collected 167 gold pieces.

Inventory:

Hand Weapons
 a - a +2 short sword of draining
 b - a +0 sling
 g - a +0 dagger of speed
 o - a +0 mace
 C - the +5 dagger of Disorder (weapon) {flame, rPois rF+++ Int-3}
   (You found it on level 5 of the Dungeon)

   Int:       It affects your intelligence (-3).
   rF:        It renders you almost immune to fire.
   rPois:     It protects you from poison.
Missiles
 u - 2 boomerangs of dispersal
Armour
 d - an orb of light (worn)
 l - a +0 pair of gloves (worn)
 n - a +0 robe (worn)
 s - a +0 helmet (worn)
 z - a +0 crystal plate armour
Jewellery
 w - an amulet of the acrobat (around neck)
 A - a ring of magical power (left hand)
 B - a +6 ring of dexterity (right hand)
Wands
 t - a wand of iceblast (7)
Scrolls
 e - a scroll of immolation {unknown}
 h - a scroll of enchant weapon
 j - a scroll of vulnerability
 m - 6 scrolls of poison {unknown}
 v - 2 scrolls of noise
 x - 2 scrolls of identify {unknown}
 y - 2 scrolls of blinking {unknown}
 D - a scroll of fear {unknown}
Potions
 c - a potion of ambrosia
 f - 4 potions of curing {unknown}
 k - a potion of degeneration {unknown}
 p - a potion of lignification {unknown}
 q - a potion of mutation {unknown}
 r - a potion of flight {unknown}
 E - a potion of heal wounds {unknown}


   Skills:
 + Level 7.3 Fighting
 - Level 3.0 Maces & Flails
 - Level 3.0 Dodging


You had 5 spell levels left.
You didn't know any spells.
Your spell library contained the following spells:

 Spells                   Type           Power      Damage    Failure   Level
 Ensorcelled Hibernation  Hex/Ice        0%         N/A       56%         2
 Spider Form              Tmut/Pois      0%         N/A       80%         3
 Anguish                  Hex/Necr       0%         N/A       99%         4


Dungeon Overview and Level Annotations

Branches:
Dungeon (7/15)
 Temple: D:4-7

Altars:
Cheibriados
Gozag
Wu Jian

Shops:
D:1 *=

Annotations:
D:2 Terence
D:3 Sigmund
D:4 2 transporters, hawla's ghost, amateur MeFE
D:5 Menkaure


Message History

A hornet comes into view.
You hit the steam dragon but do no damage.
The steam dragon is moderately wounded.
A hornet comes into view.
A phantom comes into view.
The steam dragon bites you. The steam dragon barely misses you.
The hornet is engulfed in a cloud of scalding steam.
As you read the scroll labelled AVEFRAGAUC, it crumbles to dust.
It is a scroll of enchant weapon.
Your +1 short sword of draining glows red for a moment.
The steam dragon bites you. The steam dragon claws you.
Unknown command.
As you read the scroll labelled ENIRRAOZED, it crumbles to dust.
Magic quickly surges around you.
It was a scroll of vulnerability.
The steam dragon closely misses you. The steam dragon claws you.
The hornet closely misses you.
As you read the scroll labelled KITUHAFRID, it crumbles to dust.
You hear a loud clanging noise!
It was a scroll of noise.
Something shouts, "Slither away, thou defiled mumble-news serf!"
The hornet stings you.
You feel yourself slow down. The hornet barely misses you.
The steam dragon bites you. The steam dragon claws you.
As you read the scroll labelled PYAFO LI ZAG, it crumbles to dust.
You feel strangely unstable.
It was a scroll of teleportation.
The hornet stings you!
You suddenly lose the ability to move!
The hornet completely misses you.
The hornet stings you but does no damage.
The hornet stings you.
* * * LOW HITPOINT WARNING * * *
The steam dragon breathes steam at you. The ball of steam hits you. You resist.
* * * LOW HITPOINT WARNING * * *
The hornet is engulfed in a cloud of scalding steam.
The hornet stings you!
* * * LOW HITPOINT WARNING * * *
You feel as though you will be slow longer.
The hornet is engulfed in a cloud of scalding steam.
The hornet stings you!
You die...

#.# .#
#.##. #...
#..# #..#
##..# #+
#<..##....
#y§.W.....
#@D###.[..
#yo# ##
#..# #...
#.### ...
#.# ..#


You could see 2 hornets, a steam dragon (catching breath, weak-willed), a
phantom (weak-willed) and an orc (weak-willed).

Vanquished Creatures
  A bullfrog (D:5)
  2 scorpions (D:4)
  A jelly (D:5)
  A hound (D:4)
  2 adders
  A white imp (D:5)
  An ufetubus (D:5)
  2 worms
  A dart slug (D:3)
  12 orcs
  A bat (D:1)
  7 endoplasms
  4 goblins
  8 hobgoblins
  4 jackals (D:1)
  4 quokkas
  6 ball pythons
  2 frilled lizards (D:3)
  12 kobolds
  3 rats
75 creatures vanquished.

Notes
Turn   | Place    | Note
-------+----------+-------------------------------------------
     0 | D:1      | Spectrina the Human Monk began the quest for the Orb.
     0 | D:1      | Reached XP level 1. HP: 18/18 MP: 1/1
    58 | D:2      | Noticed Terence
    68 | D:1      | Reached XP level 2. HP: 18/25 MP: 2/2
    98 | D:1      | Found Wyuv Toth's Jewellery Emporium.
   206 | D:1      | Reached skill level 4 in Fighting
   206 | D:1      | Reached XP level 3. HP: 23/30 MP: 3/3
   339 | D:1      | Found Zoomoc's Assorted Antiques.
   705 | D:3      | Reached XP level 4. HP: 37/38 MP: 4/4
   718 | D:3      | Found a faded altar of an unknown god.
   846 | D:3      | Noticed Sigmund
   913 | D:3      | Found an ornate altar of the Wu Jian Council.
   913 | D:3      | Found an opulent altar of Gozag.
   913 | D:3      | Found a snail-covered altar of Cheibriados.
  1029 | D:4      | Reached skill level 5 in Fighting
  1047 | D:4      | Found a transporter.
  1130 | D:4      | Noticed hawla's ghost (amateur MeFE)
  1148 | D:5      | Entered Level 5 of the Dungeon
  1219 | D:4      | Found a transporter.
  1314 | D:4      | Noticed a scorpion
  1315 | D:4      | Noticed a scorpion
  1339 | D:4      | Killed a scorpion
  1340 | D:4      | Reached XP level 5. HP: 26/46 MP: 5/5
  1342 | D:4      | Reached skill level 6 in Fighting
  1342 | D:4      | Reached XP level 6. HP: 30/52 MP: 6/6
  1516 | D:5      | Reached skill level 7 in Fighting
  1547 | D:5      | Noticed a sky beast
  1797 | D:5      | Identified the +5 dagger of Disorder {flame, rPois rF+++
                  | Int-3}
  1818 | D:5      | Noticed Menkaure
  1924 | D:7      | Noticed a steam dragon
  1930 | D:7      | Noticed a hornet
  1930 | D:7      | Noticed a hornet
  1934 | D:7      | Paralysed by a hornet for 2 turns
  1935 | D:7      | Mangled by a hornet

Illustrated notes

Levels and vault maps discovered:
D:1:      giann_wishing_wells, layout_loops_ring, serial_shops, shop, shop,
          kennysheep_flooded_box
D:2:      layout_rooms, minmay_pentomino_pile, uniq_terence,
          uniq_crazy_yiuf_cottage
D:3:      layout_loops_cross, chequers_temple_overflow_statue_of_worship,
          hellmonk_ecumenical_altar_prayer_group, uniq_sigmund
D:4:      layout_gridville, mainiacjoe_overflow_chevrons,
          gammafunk_ghost_mausoleum
D:5:      layout_gridville, uniq_menkaure
D:6:      layout_basic, minmay_temple_entry_arrows
D:7:      layout_basic, dk_noncrumbling_4

Skill      XL: |  1  2  3  4  5  6 |
---------------+-------------------+-----
Fighting       | 4 5 6 7 |  7.3
Maces & Flails | |  3.0
Dodging        | |  3.0

Action                     |  1- 3 |  4- 6 || total
---------------------------+-------+-------++-------
  Melee: Mace              |    80 |    15 ||    95
         Short sword       |       |   112 ||   112
         Dagger            |       |     4 ||     4
   Fire: Sling             |     7 |    20 ||    27
    Use: Scroll            |       |     4 ||     4
 Armour: Robe              |    13 |    29 ||    42
  Dodge: Dodged            |    66 |   106 ||   172
